 Dungeon Crawl Stone Soup version 0.20-a0 (webtiles) character file.

157 kroki the Twirler (level 5, 0/41 HPs)
             Began as a Draconian Gladiator on Oct 27, 2016.
             Slain by a river rat (2 damage)
             ... in a sewer.
             The game lasted 00:02:09 (3106 turns).

kroki the Twirler (Draconian Gladiator)             Turns: 3106, Time: 00:02:09

Health: 0/41       AC:  8    Str: 18    XL:     5   Next: 15%
Magic:  5/5        EV: 12    Int:  9    God:
Gold:   135        SH:  0    Dex: 11    Spells: 0 memorised, 4 levels left

rFire  . . .     SeeInvis .     a - +0 quarterstaff
rCold  . . .     Gourm    .     (armour unavailable)
rNeg   . . .     Faith    .     (shield currently unavailable)
rPois  .         Spirit   .     b - +0 hat
rElec  .         Reflect  .     (no cloak)
rCorr  .         Harm     .     j - +2 pair of gloves
MR     .....                    (no boots)
Stlth  +.........               (no amulet)
                                (no ring)
                                l - ring of wizardry {Wiz+, !d}

@: no status effects
A: unfitting armour, cold-blooded, AC +5
a: no special abilities


You were in a sewer.
You were not hungry.

You visited 1 branch of the dungeon, and saw 3 of its levels.
You also visited: Sewer.

You collected 135 gold pieces.

Inventory:

Hand Weapons
 a - a +0 quarterstaff (weapon)
Missiles
 c - 5 throwing nets {=f, !d}
Armour
 b - a +0 hat (worn)
 j - a +2 pair of gloves (worn)
   (You found it on level 1 of the Dungeon)
Jewellery
 l - a ring of wizardry (left hand) {Wiz+, !d}
   (You took it off a kobold on level 1 of the Dungeon)
Scrolls
 f - a scroll of identify
 h - a scroll of enchant armour
Potions
 e - a potion of flight {unknown}
 i - 2 potions of agility {unknown}
 k - 2 potions of heal wounds {unknown}
 n - a potion of ambrosia
Comestibles
 d - 3 bread rations {@e1}
 g - 2 meat rations {@e2}
 m - 2 chunks of flesh {@w0}


   Skills:
 - Level 2.1 Fighting
 + Level 5.9 Staves
 - Level 1.7 Throwing
 - Level 2.6 Dodging


You had 4 spell levels left.
You didn't know any spells.

Dungeon Overview and Level Annotations

Branches:
Dungeon (3/15)

Altars:
Nemelex Xobeh


Innate Abilities, Weirdness & Mutations

Your plain brown scales are hard. (AC +5)
You cannot fit into any form of body armour.
You are cold-blooded and may be slowed by cold attacks.


Message History

You take 1 damage, and have 35/36 hp.
There are monsters nearby!
You closely miss the adder. The adder bites you.
The adder bites you but does no damage.
The ball python bites you but does no damage.
The ball python grabs you. The ball python constricts you. The adder bites you.
The adder closely misses you.
A rat comes into view.
You take 3 damage, and have 32/36 hp.
Unknown command.
You escape the ball python's grasp.
The adder bites you but does no damage. x2
The adder barely misses you.
The adder bites you but does no damage. x2
There is an empty arch of ancient stone here.
You closely miss the adder. The adder barely misses you.
You barely miss the adder.
Your tail-slap misses the adder.
The adder bites you but does no damage. x2
You barely miss the adder. The adder bites you but does no damage.
You barely miss the adder. The adder misses you.
You closely miss the adder. The adder bites you.
You are poisoned.
The adder poisons you! The adder misses you.
You take 3 damage, and have 31/36 hp.
Unknown command.
You hit the adder.
You feel sick. The adder bites you.
You take 4 damage, and have 27/36 hp.
You closely miss the adder.
You feel sick. The adder barely misses you.
You take 1 damage, and have 26/36 hp.
You barely miss the adder.
The adder bites you but does no damage. x2
You barely miss the adder. The adder bites you but does no damage.
You closely miss the adder.
You feel sick. The adder bites you but does no damage.
You closely miss the adder.
Your tail-slap misses the adder.
The adder barely misses you.
You closely miss the adder.
Your tail-slap misses the adder.
You feel sick. The adder misses you. The adder barely misses you.
You hit the adder but do no damage. The adder barely misses you.
You miss the adder.
The adder bites you but does no damage. x2
You take 1 damage, and have 25/36 hp.
You miss the adder.
You feel sick. The adder bites you.
You take 5 damage, and have 20/36 hp.
You hit the adder. The adder barely misses you.
You closely miss the adder. The adder bites you but does no damage.
You sock the adder!
You kill the adder!
You have reached level 5!
You regained 3 hp, and now have 23/41 hp.
MP restored: 5 Unknown command.
You miss the adder.
You feel sick. The adder bites you.
You take 4 damage, and have 19/41 hp.
You closely miss the adder. The adder bites you but does no damage.
You hit the adder. The adder bites you. The adder misses you.
You take 2 damage, and have 18/41 hp.
You thump the adder!
You kill the adder!
The ball python closely misses you. The ball python grabs you.
The ball python constricts you.
You take 1 damage, and have 17/41 hp.
You barely miss the ball python.
You feel sick.
The ball python bites you but does no damage.
The ball python constricts you.
You take 1 damage, and have 16/41 hp.
Unknown command.
You hit the ball python. You tail-slap the ball python.
You kill the ball python!
Unknown command.
You hit the river rat. The river rat closely misses you.
Unknown command.
You closely miss the river rat. The river rat bites you.
You take 2 damage, and have 14/41 hp.
You closely miss the river rat.
Your tail-slap misses the river rat.
You feel sick.
You are no longer poisoned.
The river rat bites you but does no damage.
Unknown command.
You hit the river rat but do no damage.
Your tail-slap misses the river rat.
The river rat bites you but does no damage.
You hit the river rat. The river rat completely misses you.
There are monsters nearby!
You are too injured to fight recklessly!
You hit the river rat. The river rat barely misses you.
You hit the river rat. You tail-slap the river rat.
You kill the river rat!
You hit the river rat. The river rat barely misses you.
You barely miss the river rat.
Your tail-slap misses the river rat.
The river rat bites you.
You take 1 damage, and have 13/41 hp.
You barely miss the river rat.
The river rat bites you but does no damage.
You barely miss the river rat. The river rat bites you!
* * * LOW HITPOINT WARNING * * *
You take 7 damage, and have 6/41 hp.
You barely miss the river rat. The river rat bites you.
* * * LOW HITPOINT WARNING * * *
You take 4 damage, and have 2/41 hp.
You closely miss the river rat. The river rat bites you.
You die...

≈.≈≈≈≈≈≈.....##
..≈≈≈≈≈≈≈≈.....#
..≈≈≈≈≈≈.......#
...≈≈≈≈≈≈......#
#..≈≈≈≈≈≈.....##
#≈.≈≈≈.≈.....#
##.≈≈≈≈≈.....##
#..r≈≈≈≈...÷.####
...≈≈≈.....÷###@#
r..r≈≈...r..###r#
...≈≈≈.....r.#rr#
....≈≈..rr....r##
....≈≈≈.......##
...≈≈≈.≈.....##
....≈≈≈.≈....##
....≈≈≈≈......#
#..≈≈≈≈≈≈.....##


You could see a river rat and 3 rats.

Vanquished Creatures
  A gnoll (D:1)
  5 adders
  2 river rats (Sewer)
  2 worms (D:2)
  2 dart slugs (D:1)
  A leopard gecko (D:2)
  9 bats
  4 giant cockroaches (D:1)
  5 goblins
  6 hobgoblins
  4 jackals (D:1)
  16 kobolds
  A quokka (D:2)
  A ball python (Sewer)
  5 frilled lizards
  13 rats
77 creatures vanquished.

Notes
Turn   | Place    | Note
-------+----------+-------------------------------------------
     0 | D:1      | kroki the Draconian Gladiator began the quest for the Orb.
     0 | D:1      | Reached XP level 1. HP: 17/17 MP: 1/1
    69 | D:1      | Reached XP level 2. HP: 20/24 MP: 2/2
   371 | D:1      | Reached skill level 4 in Staves
   693 | D:1      | Reached XP level 3. HP: 24/29 MP: 3/3
  1810 | D:2      | HP: 6/29 [adder (4)]
  1813 | D:2      | Reached skill level 5 in Staves
  1813 | D:2      | Reached XP level 4. HP: 6/36 MP: 4/4
  1816 | D:2      | HP: 4/36 [poisoned by an adder]
  1822 | D:2      | HP: 3/36 [poisoned by an adder]
  1830 | D:2      | HP: 2/36 [poisoned by an adder]
  2764 | D:3      | Found a sparkling altar of Nemelex Xobeh.
  2841 | D:3      | Found a glowing drain.
  2850 | Sewer    | Entered a sewer
  3087 | Sewer    | Reached XP level 5. HP: 23/41 MP: 5/5
  3104 | Sewer    | HP: 6/41 [river rat (8)]
  3105 | Sewer    | HP: 2/41 [river rat (4)]
  3106 | Sewer    | Slain by a river rat

Vault maps used:
D:1:      zelgadis_glass_arrival_small, serial_forest,
          infiniplex_forest_clump_tiny, infiniplex_forest_end_1,
          infiniplex_forest_clump_C, infiniplex_forest_lined_4_way,
          infiniplex_forest_clump_long, infiniplex_forest_end_1
D:2:      first_bread
D:3:      nemelex_xobeh_ov_fountains_minmay, tgw_xom, lightli_sewer_entry_pipes,
          grunt_ministairs_4, trog_butcher_becter, uniq_sigmund
Sewer:    sewer_minmay_treatment

Skill      XL: |  1  2  3 |
---------------+----------+-----
Staves         | 4 5 |  5.9
Fighting       | |  2.1
Throwing       | |  1.7
Dodging        | |  2.6

Action                   |  1- 3 |  4- 6 || total
-------------------------+-------+-------++-------
Melee: Quarterstaff      |   132 |   111 ||   243
       Tailslap          |    13 |    12 ||    25
  Use: Scroll            |       |     5 ||     5
       Potion            |       |     1 ||     1
  Eat: Chunk             |     3 |     4 ||     7
Armor: Skin              |    45 |    44 ||    89
Dodge: Dodged            |    74 |    55 ||   129

Vault maps used:
D:1:      zelgadis_glass_arrival_small, serial_forest,
          infiniplex_forest_clump_tiny, infiniplex_forest_end_1,
          infiniplex_forest_clump_C, infiniplex_forest_lined_4_way,
          infiniplex_forest_clump_long, infiniplex_forest_end_1
D:2:      first_bread
D:3:      nemelex_xobeh_ov_fountains_minmay, tgw_xom, lightli_sewer_entry_pipes,
          grunt_ministairs_4, trog_butcher_becter, uniq_sigmund
Sewer:    sewer_minmay_treatment

Table legend:
 A = Turns spent in this place as a percentage of turns spent in the entire game.
 B = Non-inter-level travel turns spent in this place as a percentage of non-inter-level travel turns spent in the entire game.
 C = Inter-level travel turns spent in this place as a percentage of turns spent in this place.
 D = Turns resting spent in this place as a percentage of non-inter-level travel turns spent in this place.
 E = Turns spent auto-exploring this place as a percentage of non-inter-level travel turns spent in this place.
 F = Non-inter-level travel turns spent in this place divided by the number of levels of this place that you've seen.
                   A       B       C       D       E      F
               +-------+-------+-------+-------+-------+----------------------
         Total | 100.0 | 100.0 |   0.1 |   0.0 |   8.5 | 408.8
       Dungeon |  81.1 |  81.0 |   0.2 |   0.0 |   9.5 | 441.7
         Sewer |  18.9 |  19.0 |   0.0 |   0.0 |   4.2 | 310.0
               +-------+-------+-------+-------+-------+----------------------

Table legend:
 A = Kills in this place as a percentage of kills in entire the game.
 B = Kills by you in this place as a percentage of kills by you in the entire game.
 C = Kills by friends in this place as a percentage of kills by friends in the entire game.
 D = Other kills in this place as a percentage of other kills in the entire game.
 E = Experience gained in this place as a percentage of experience gained in the entire game.
 F = Experience gained in this place divided by the number of levels of this place that you have seen.
                   A       B       C       D       E      F
               +-------+-------+-------+-------+-------+----------------------
         Total | 100.0 | 100.0 |  -nan |  -nan | 100.0 |  56.2
       Dungeon |  76.6 |  76.6 |  -nan |  -nan |  68.4 |  51.3
         Sewer |  23.4 |  23.4 |  -nan |  -nan |  31.6 |  71.0
               +-------+-------+-------+-------+-------+----------------------
